 Dungeon Crawl Stone Soup version 0.30-a0-585-g93115170b9 (webtiles) character file.

Game seed: 8226517467314613454

215 bande the Covered (level 5, -10/33 HPs)
             Began as a Gargoyle Fighter on Jan 2, 2023.
             Mangled by Crazy Yiuf
             ... wielding a +2 quarterstaff of chaos
              (12 damage)
             ... on level 2 of the Dungeon.
             The game lasted 00:05:01 (2450 turns).

bande the Covered (Gargoyle Fighter)                Turns: 2450, Time: 00:05:02

Health: -10/33     AC: 15    Str: 19    XL:     5   Next: 92%
Magic:  5/5        EV:  7    Int:  9    God:
Gold:   153        SH:  4    Dex: 11    Spells: 4/4 levels left

rFire   . . .      SeeInvis .    a - +1 war axe
rCold   . . .      Faith    .    c - +0 buckler
rNeg    + . .      Spirit   .    e - +0 chain mail
rPois   ∞          Reflect  .    u - +1 helmet
rElec   +          Harm     .    (no cloak)
rCorr   .          Rampage  .    (no gloves)
Will    .....                    (no boots) Stlth
                                 (no amulet)
HPRegen 0.25/turn                (no ring)
MPRegen 0.09/turn                (no ring)

@: no status effects
A: sickness immunity, AC +4, negative energy resistance 1, electricity
resistance, torment resistance 1, petrification resistance
a: no special abilities


You were on level 2 of the Dungeon.
You visited 1 branch of the dungeon, and saw 4 of its levels.

You collected 153 gold pieces.

Inventory:

Hand Weapons
 a - a +1 war axe (weapon)
 l - a +0 flail
Armour
 c - a +0 buckler (worn)
 e - a +0 chain mail (worn)
 u - a +1 helmet (worn)
Wands
 o - a wand of paralysis (8)
Scrolls
 s - a scroll of fear
Potions
 d - 2 potions of might
 f - 5 potions of curing {unknown}
 h - a potion of haste {unknown}
 i - 3 potions of mutation {unknown}
 j - 2 potions of heal wounds {unknown}
 m - 2 potions of flight {unknown}
 p - 2 potions of brilliance {unknown}
 r - a potion of lignification {unknown}
 t - a potion of resistance {unknown}


   Skills:
 + Level 4.2 Fighting
 + Level 4.0 Axes
 + Level 4.2 Armour
 + Level 3.9 Shields


You had 4 spell levels left.
You didn't know any spells.
Your spell library contained the following spells:

 Spells                   Type           Power      Damage    Failure   Level
 Magic Dart               Conj           0%         1d3       99%         1
 Searing Ray              Conj           0%         2d4       100%        2
 Animate Dead             Necr           0%         N/A       100%        4
 Fulminant Prism          Conj/Hex       0%         3d5       100%        4
 Borgnjor's Vile Clutch   Necr/Erth      0%         N/A       100%        5
 Death Channel            Necr           0%         N/A       100%        6


Dungeon Overview and Level Annotations

Branches:
Dungeon (4/15)
 Temple: D:4-7

Altars:
Qazlal

Shops:
D:1 =!

Annotations:
D:2 Crazy Yiuf


Innate Abilities, Weirdness & Mutations

You are immune to sickness and miasma.
Your stone body is resilient. (AC +4)
You are immune to poison.
You resist negative energy. (rN+)
You are resistant to electric shocks. (rElec)
You are resistant to unholy torment.
You are immune to petrification.


Message History

The fungus is lightly damaged.
You hit the bush. You hit the fungus. You hit the fungus.
The fungus is lightly damaged.
You hit the bush but do no damage. You completely miss the fungus.
A nearby fungus withers and dies. x2
Found a hammer.
Found a runed translucent door.
Crazy Yiuf shouts!
No reachable target in view!
You open the door. You barely miss Crazy Yiuf.
Crazy Yiuf waves his quarterstaff at you.
You block Crazy Yiuf's attack.
You closely miss Crazy Yiuf.
Crazy Yiuf hits you with a +2 quarterstaff of chaos.
Crazy Yiuf hits you with a +2 quarterstaff of chaos!
Crazy Yiuf freezes you.
You barely miss Crazy Yiuf.
Crazy Yiuf laughs, "Powder!
Rifle spinner ena."
Crazy Yiuf hits you with a +2 quarterstaff of chaos.
Crazy Yiuf freezes you.
You hit Crazy Yiuf.
Crazy Yiuf is lightly wounded.
Crazy Yiuf hits you with a +2 quarterstaff of chaos.
* * * LOW HITPOINT WARNING * * *
Space warps around you.
* * * LOW HITPOINT WARNING * * *
You closely miss Crazy Yiuf.
Crazy Yiuf is lightly wounded.
You block Crazy Yiuf's attack.
Crazy Yiuf yells, "Spliff!"
You block Crazy Yiuf's attack.
You barely miss Crazy Yiuf.
Crazy Yiuf is lightly wounded.
Crazy Yiuf hits you with a +2 quarterstaff of chaos.
* * * LOW HITPOINT WARNING * * *
You slash Crazy Yiuf!
Crazy Yiuf is heavily wounded.
Crazy Yiuf hits you with a +2 quarterstaff of chaos!
You die...

.......#...####..#####.......#
.......#...# #....# ##..###.#
.......#...# ♣♣.PP♣ #...# #.#
...........# ♣...♣♣ ##..# #.#
..###..###.# ♣♣.♣♣ #..# #.#
..###....#.# ♣.♣♣ ##..###.##
.........#.# ♣♣.♣ #........#
..###....#.# ♣.♣♣ #....##.##
...........# ♣♣@♣ ###.###.#
..###...##.# #g# #.# #.#
...........# ... ###.###.#
..###...##.# #...# #.#..##.#
..###...##.# #..)# #.....#.##
...........# ##### #........#
...........# ###...#.##
...........# #########.......#
.........#####...#.#.###†..#.#


You could see Crazy Yiuf.

Vanquished Creatures
  An orc priest (D:4)
  An orc wizard (D:4)
  Terence (D:2)
  An iguana (D:4)
  Robin (D:2)
  An adder (D:2)
  An ufetubus (D:4)
  A worm (D:2)
  A dart slug (D:2)
  2 orcs (D:4)
  5 endoplasms
  5 giant cockroaches
  12 goblins
  12 hobgoblins
  3 jackals (D:2)
  2 quokkas
  7 ball pythons
  4 bats
  4 frilled lizards
  7 kobolds
  A rat (D:1)
73 creatures vanquished.

Vanquished Creatures (others)
  3 fungi (D:2)
3 creatures vanquished.

Grand Total: 76 creatures vanquished

Notes
Turn   | Place    | Note
-------+----------+-------------------------------------------
     0 | D:1      | bande the Gargoyle Fighter began the quest for the Orb.
     0 | D:1      | Reached XP level 1. HP: 14/14 MP: 1/1
   187 | D:1      | Reached XP level 2. HP: 19/19 MP: 2/2
   489 | D:1      | Found Unguet's Jewellery Boutique.
   795 | D:1      | Reached XP level 3. HP: 24/24 MP: 3/3
   897 | D:1      | Found Doput's Distillery.
  1305 | D:2      | You fall into a shaft and drop 2 floors!
  1351 | D:4      | Reached XP level 4. HP: 29/29 MP: 4/4
  1446 | D:4      | Reached XP level 5. HP: 33/33 MP: 5/5
  1627 | D:2      | Found a stormy altar of Qazlal.
  1641 | D:2      | Noticed Terence
  1659 | D:2      | Killed Terence
  2075 | D:2      | Noticed Robin
  2088 | D:2      | Killed Robin
  2439 | D:2      | Found a runed translucent door.
  2439 | D:2      | Noticed Crazy Yiuf
  2450 | D:2      | Mangled by Crazy Yiuf

Illustrated notes

Levels and vault maps discovered:
D:1:      dpeg_arrival_radiant, layout_basic, serial_shops,
          nicolae_lakefront_shop, shop
D:2:      layout_basic, basic_altar, nrook_campfire,
          kennysheep_decorative_pillar, uniq_crazy_yiuf_cottage, uniq_terence,
          uniq_robin
D:3:      layout_basic
D:4:      layout_cave_pools

Skill      XL: |  1  2  3  4  5 |
---------------+----------------+-----
Axes           | 2 3 4 |  4.0
Fighting       | 4 |  4.2
Armour         | 4 |  4.2
Shields        | |  3.9

Action                   |  1- 3 |  4- 6 || total
-------------------------+-------+-------++-------
Melee: War axe           |   149 |   110 ||   259
  Use: Scroll            |       |     6 ||     6
Armor: Scale mail        |     9 |       ||     9
       Chain mail        |    80 |    81 ||   161
Dodge: Dodged            |    56 |    41 ||    97
Block: Buckler           |    31 |    24 ||    55

Table legend: (Time is in decaauts)
 A = Elapsed time spent in this place.
 B = Non-inter-level travel time spent in this place.
 C = Inter-level travel time spent in this place.
 D = Time resting spent in this place.
 E = Time spent auto-exploring this place.
 F = Levels seen in this place.
 G = Mean time per level.
                   A        B        C        D        E       F      G
               +--------+--------+--------+--------+--------+-----+--------+
         Total |   2554 |   2418 |    136 |     43 |   1615 |   4 |  638.5 |
       Dungeon |   2554 |   2418 |    136 |     43 |   1615 |   4 |  638.5 |
               +--------+--------+--------+--------+--------+-----+--------+

Top non-repeatable levels by time:
     D:2: 1240 daAuts
     D:1: 1045 daAuts
     D:4: 188 daAuts
     D:3: 79 daAuts
